 Dungeon Crawl Stone Soup version 0.29-a0-620-g13ace881f2 (webtiles) character file.

Game seed: 11606985162105077256

96835 Noulsu the Devastator (level 16, -10/116 HPs)
             Began as a Ghoul Conjurer on June 17, 2022.
             Was a High Priest of Sif Muna.
             Shot with an arrow by a centaur warrior (23 damage)
             ... on level 13 of the Dungeon on June 19, 2022.
             The game lasted 06:11:43 (50217 turns).

Noulsu the Devastator (Ghoul Conjurer)             Turns: 50217, Time: 06:11:43

Health: -10/116    AC: 10    Str: 16    XL:     16   Next: 18%
Magic:  15/40      EV: 11    Int: 19    God:    Sif Muna [*****.]
Gold:   1573       SH:  0    Dex:  7    Spells: 7/40 levels left

rFire   + + .      SeeInvis +   l - staff of air {!a}
rCold   + . .      Faith    +   (no shield)
rNeg    + + +      Spirit   .   U - +2 robe {Will+}
rPois   ∞          Reflect  .   S - +0 helmet
rElec   +          Harm     .   O - +2 cloak
rCorr   .          Rampage  .   n - +0 pair of gloves of Peoxabaf {rPois rF++ Str+3 SInv}
Will    ++...                   o - +0 pair of boots
Stlth   ++........              W - amulet of faith
HPRegen 0.00/turn               d - ring of magical power {!r}
MPRegen 0.27/turn               (no ring)

@: very slightly contaminated, inhibited regen
A: claws 1, cold resistance 1, negative energy resistance 3, inhibited
regeneration, torment resistance 2, devour on kill
a: Renounce Religion, Channel Magic, Forget Spell, Divine Exegesis


You were on level 13 of the Dungeon.
You worshipped Sif Muna.
Sif Muna was extremely pleased with you.
You visited 4 branches of the dungeon, and saw 23 of its levels.

You collected 2347 gold pieces.
You spent 774 gold pieces at shops.

Inventory:

Hand Weapons
 a - the +10 long sword "Gram" {freeze, Will+, !a}
   (You found it on level 6 of the Dungeon)

   It freezes those it strikes, dealing additional cold damage.
   It can also slow down cold-blooded creatures.
   Will:      It increases your willpower.
 b - a +1 shortbow of venom {!a}
Missiles
 s - 14 javelins
 N - 2 throwing nets
 R - 3 curare-tipped darts
 Z - a boomerang of dispersal
Armour
 n - the +0 pair of gloves of Peoxabaf (worn) {rPois rF++ Str+3 SInv}
   (You bought it in a shop on level 2 of the Dungeon)

   Str:       It affects your strength (+3).
   rF:        It greatly protects you from fire.
   rPois:     It protects you from poison.
   SInv:      It lets you see invisible.
 o - a +0 pair of boots (worn)
 O - a +2 cloak (worn)
 S - a +0 helmet (worn)
 U - a +2 robe of willpower (worn)
Magical Staves
 l - a staff of air (weapon) {!a}
Jewellery
 d - a ring of magical power (left hand) {!r}
 e - a +6 ring of dexterity
 f - a ring of flight
 g - a ring of ice
 h - a ring of resist corrosion
 m - a ring of ice
 W - an amulet of faith (around neck)
Wands
 i - a wand of paralysis (14)
 k - a wand of flame (33)
 v - a wand of polymorph (14)
 w - a wand of mindburst (16)
 H - a wand of iceblast (34)
 L - a wand of digging (3)
 Y - a wand of light (5)
Scrolls
 j - a scroll of identify
 r - 4 scrolls of magic mapping
 t - 6 scrolls of noise
 x - 6 scrolls of blinking
 y - 2 scrolls of vulnerability
 z - 9 scrolls of teleportation
 A - 2 scrolls of silence
 B - 5 scrolls of poison
 J - 3 scrolls of fog
 P - 5 scrolls of immolation
 Q - 3 scrolls of torment
 T - a scroll of fear
Potions
 c - 10 potions of curing
 p - 4 potions of brilliance
 q - 2 potions of attraction
 u - 4 potions of flight
 C - 2 potions of invisibility
 D - 2 potions of magic
 I - 3 potions of ambrosia
 K - 9 potions of might
 M - 5 potions of heal wounds
 V - 5 potions of haste
 X - a potion of cancellation
Miscellaneous
 F - a lightning rod (4/4)


   Skills:
 - Level 4.0 Fighting
 - Level 1.7 Dodging
 - Level 4.0 Stealth
 + Level 12.5 Spellcasting
 - Level 16.0 Conjurations
 - Level 9.0 Hexes
 - Level 6.0 Translocations
 - Level 3.0 Earth Magic
 - Level 9.0 Invocations
 - Level 4.0 Evocations


You had 7 spell levels left.
You knew the following spells:

 Your Spells              Type           Power      Damage    Failure   Level
b - Blink                 Tloc           68%        N/A       1%          2
d - Tukima's Dance        Hex            46%        N/A       1%          3
h - Magic Dart            Conj           100%       1d8       0%          1
j - Fulminant Prism       Conj/Hex       28%        3d14      1%          4
l - Searing Ray           Conj           100%       2d8       0%          2
m - Borgnjor's Vile Clut  Necr/Erth      8%         N/A       65%         5
r - Iskenderun's Battles  Conj           64%        2d11      1%          5
v - Confusing Touch       Hex            46%        N/A       1%          3
w - Iskenderun's Mystic   Conj/Tloc      52%        2d11      1%          4
x - Cause Fear            Hex            23%        N/A       1%          4

Your spell library contained the following spells:

 Spells                   Type           Power      Damage    Failure   Level
 Foxfire                  Conj/Fire      100%       2x1d9     1%          1
 Sandblast                Erth           46%        2d11      1%          1
 Dazzling Flash           Conj/Hex       100%       N/A       1%          3
 Lesser Beckoning         Tloc           34%        N/A       1%          3
 Mephitic Cloud           Conj/Pois/Air  48%        N/A       1%          3
 Stone Arrow              Conj/Erth      96%        3d13      1%          3
 Inner Flame              Hex/Fire       29%        N/A       2%          3
 Summon Guardian Golem    Hex/Summ       29%        N/A       2%          3
 Flame Wave               Conj/Fire      42%        2d9       2%          4
 Hailstorm                Conj/Ice       42%        3d10      2%          4
 Sticky Flame             Conj/Fire      42%        2d6       2%          4
 Passwall                 Tmut/Erth      14%        N/A       4%          2
 Passage of Golubria      Tloc           34%        N/A       4%          4
 Freeze                   Ice            44%        1d6       6%          1
 Necrotize                Necr           44%        1d6       6%          1
 Sting                    Tmut/Pois      44%        1d5       6%          1
 Fireball                 Conj/Fire      21%        3d10      6%          5
 Irradiate                Conj/Tmut      21%        3d20      6%          5
 Lightning Bolt           Conj/Air       29%        1d46      6%          5
 Call Imp                 Summ           11%        N/A       9%          2
 Poisonous Vapours        Pois/Air       34%        N/A       9%          2
 Anguish                  Hex/Necr       14%        N/A       9%          4
 Manifold Assault         Tloc           34%        N/A       14%         5
 Frozen Ramparts          Ice            22%        1d4       17%         3
 Ignite Poison            Fire/Tmut/Pois 11%        N/A       17%         3
 Ozocubu's Armour         Ice            11%        N/A       17%         3
 Freezing Cloud           Conj/Ice/Air   24%        6-21      19%         5
 Silence                  Hex/Air        21%        N/A       26%         5
 Yara's Violent Unravell  Hex/Tmut       14%        3d7       26%         5
 Petrify                  Tmut/Erth      17%        N/A       30%         4
 Starburst                Conj/Fire      21%        6d7       32%         6
 Corpse Rot               Necr/Pois/Air  17%        N/A       50%         4
 Olgreb's Toxic Radiance  Pois           11%        N/A       50%         4
 Enfeeble                 Hex            23%        N/A       77%         7
 Agony                    Necr           11%        N/A       85%         5
 Alistair's Intoxication  Tmut/Pois      7%         N/A       85%         5
 Spellforged Servitor     Conj/Summ      21%        N/A       88%         7
 Death Channel            Necr           5%         N/A       100%        6
 Eringya's Noxious Bog    Tmut/Pois      5%         N/A       100%        6
 Summon Hydra             Summ           5%         N/A       100%        7
 Discord                  Hex            23%        N/A       100%        8
 Chain Lightning          Conj/Air       29%        3d39      100%        9
 Dragon's Call            Summ           5%         N/A       100%        9
 Fire Storm               Conj/Fire      21%        8d5       100%        9
 Sublimation of Blood     Necr           Unusable   N/A       N/A         2
 Wereblood                Tmut           Unusable   N/A       N/A         2

Dungeon Overview and Level Annotations

Branches:
Dungeon (14/15)            Temple (1/1) D:4            Lair (6/6) D:8
  Swamp (0/4) Lair:2        Snake (0/4) Lair:3        Slime (0/5) Lair:6
    Orc (2/2) D:11            Elf (0/3) Orc:2
 Vaults: D:13-14

Altars:
Ashenzari
Cheibriados
Dithmenos
Elyvilon
Fedhas
Gozag
Hepliaklqana
Kikubaaqudgha
Makhleb
Nemelex Xobeh
Okawaru
Qazlal
Ru
Sif Muna
Trog
Uskayaw
Vehumet
Wu Jian
Xom
Yredelemnul
Zin
The Shining One
Beogh
Jiyva

Shops:
D:2 [   D:4 !   D:8 [   D:9 ?   D:12 *   Orc:2 (!(

Annotations:
D:6 1 exclusion
D:13 2 transporters, Oghegut's ghost, journeyman DEFE
Lair:6 exclusion: obsidian statue


Innate Abilities, Weirdness & Mutations

You are immune to poison.
You have sharp fingernails.
Your flesh is cold resistant. (rC+)
You are immune to negative energy. (rN+++)
You do not regenerate when monsters are visible.
You are immune to unholy pain and torment.
You thrive by killing the living.


Message History

Your hands begin to glow red.
The centaur warrior hits you but does no damage.
The centaur warrior kicks you but does no damage.
The centaur warrior hits you.
The centaur warrior kicks you but does no damage.
Your fulminant prism crackles loudly.
Your fulminant prism explodes!
The blast of energy engulfs the centaur warrior!!
The centaur warrior is heavily wounded.
You hear a shout!
Hit: l) staff of air
Press: ? - help, Dir - move target, f - centaur warrior
Aim: a centaur warrior (heavily wounded, chance to confuse on hit: 51%, about 30% to evade your staff of air)
You hit the centaur warrior but do no damage.
The centaur warrior is heavily wounded.
The centaur warrior hits you.
The centaur warrior kicks you but does no damage.
The boulder beetle curls into a ball and begins rolling!
Your fulminant prism explodes!
The blast of energy engulfs the boulder beetle!!
The boulder beetle is moderately wounded.
You hear a shout!
The centaur warrior hits you but does no damage.
The centaur warrior kicks you but does no damage.
The centaur warrior barely misses you.
The centaur warrior kicks you but does no damage.
You climb upwards.
Level annotation: 2 transporters, Oghegut's ghost, journeyman DEFE
There is a stone staircase leading down here.
Hit: l) staff of air
Press: ? - help, Dir - move target, f - centaur warrior
Aim: a centaur warrior (heavily wounded, chance to confuse on hit: 51%, about 30% to evade your staff of air)
You hit the centaur warrior but do no damage.
The centaur warrior is heavily wounded.
The centaur warrior hits you.
The centaur warrior kicks you but does no damage.
The centaur warrior hits you!
The centaur warrior kicks you but does no damage.
Hit: l) staff of air
Press: ? - help, Dir - move target, f/p - centaur warrior
Aim: a centaur warrior (heavily wounded, chance to confuse on hit: 51%, about 30% to evade your staff of air)
You hit the centaur warrior but do no damage.
The centaur warrior is heavily wounded.
The centaur warrior hits you! The centaur warrior misses you.
The centaur warrior hits you.
The centaur warrior kicks you but does no damage.
Hit: l) staff of air
Press: ? - help, Dir - move target, f/p - centaur warrior
Aim: a centaur warrior (heavily wounded, chance to confuse on hit: 51%, about 30% to evade your staff of air)
You hit the centaur warrior but do no damage.
The centaur warrior is heavily wounded.
The centaur warrior barely misses you. x2
Hit: l) staff of air
Press: ? - help, Dir - move target, f/p - centaur warrior
Aim: a centaur warrior (heavily wounded, chance to confuse on hit: 51%, about 30% to evade your staff of air)
You closely miss the centaur warrior.
The centaur warrior is heavily wounded.
The centaur warrior hits you but does no damage.
The centaur warrior kicks you but does no damage.
The centaur warrior hits you!
The centaur warrior kicks you but does no damage.
Hit: l) staff of air
Press: ? - help, Dir - move target, f/p - centaur warrior
Aim: a centaur warrior (heavily wounded, chance to confuse on hit: 51%, about 30% to evade your staff of air)
You hit the centaur warrior but do no damage.
The centaur warrior is heavily wounded.
The centaur warrior hits you!
* * * LOW HITPOINT WARNING * * *
The centaur warrior barely misses you. The centaur warrior hits you!
* * * LOW HITPOINT WARNING * * *
The centaur warrior kicks you.
* * * LOW HITPOINT WARNING * * *
Press: ? - help, Dir - look around, f - activate The centaur warrior resists with almost no effort.
The centaur warrior barely misses you. The centaur warrior closely misses you.
Press: ? - help, Dir - look around, f - activate Look: a centaur warrior (heavily wounded, chance to confuse on hit: 51%, chance to affect: 63%)
You miscast Cause Fear.
You are very lightly contaminated with residual magic.
Nothing appears to happen.
The centaur warrior hits you but does no damage.
The centaur warrior kicks you but does no damage.
The centaur warrior hits you but does no damage.
The centaur warrior kicks you.
* * * LOW HITPOINT WARNING * * *
Press: ? - help, Dir - look around, f - activate The centaur warrior looks frightened!
The centaur warrior starts to cry.
Your hands stop glowing.
Press: ? - help, Dir - look around, f - activate You miscast Cause Fear.
Nothing appears to happen.
The centaur warrior wields a +0 shortbow.
The centaur warrior shoots an arrow.
The arrow hits you.
* * * LOW HITPOINT WARNING * * *
The centaur warrior shoots an arrow.
The arrow closely misses you.
As you read the scroll of fear, it crumbles to dust.
You assume a fearsome visage.
Nothing appears to happen.
The centaur warrior seems to regain its courage.
The centaur warrior shoots an arrow.
The arrow hits you!!
You die...

......<.# #........#
####..).######.c......#
# #...[.)..##........#
#.....##.##........#
#...)..).......>...#
#..).###...........## #
#....# #......)#....#
####....###.##.#.......#
.....##..##.#..#@......#
####.###......##.......#
#.###.#.####........# #
#.##....#...........#
####....#..#[###...#####
..####..#..#.# #...#
#.#####....#<# #.###
#...# ###..#.# #.#
###.### #..#[# #.#


You could see a centaur warrior.

Vanquished Creatures
  An orc warlord (Orc:2)
  A dire elephant (Lair:6)
  The ghost of Ucanair the Party-goer, a journeyman VSFi of Uskayaw (Lair:2)
  The ghost of Zebulonius the Executioner, a journeyman MiBe of Trog (D:12)
  9 hydras
  Erolcha (D:12)
  2 boulder beetles
  6 centaur warriors
  6 two-headed ogres
  3 death yaks
  Urug (D:12)
  4 orc high priests (Orc:2)
  6 skeletal warriors
  A fire crab (Lair:5)
  Lodul (D:13)
  4 orc knights (Orc:2)
  2 necromancers (Lair:6)
  Pikel (D:5)
  A deep elf pyromancer (D:7)
  An oklob plant (Lair:3)
  11 ugly things
  6 orc sorcerers
  8 cyclopes
  3 manticores
  8 elephants
  Maurice (Orc:1)
  3 torpor snails
  6 black mambas
  15 cane toads
  A kobold demonologist (D:8)
  11 komodo dragons
  2 unseen horrors
  8 rime drakes
  An unseen horror (shapeshifter) (D:13)
  2 efreet
  3 meliai (D:13)
  11 trolls
  3 polar bears (Lair:6)
  Prince Ribbit (D:8)
  3 blink frogs (Lair:3)
  16 slime creatures
  A hornet (Lair:6)
  A spectral elephant (Lair:6)
  A dire elephant simulacrum (Lair:6)
  2 wraiths (D:7)
  2 shadows
  2 vampires
  5 dancing weapons
  79 yaks
  3 wyverns
  3 steam dragons
  A vampire mosquito (D:13)
  A death yak simulacrum (Lair:6)
  7 basilisks
  A spectral cane toad (Lair:6)
  3 nagas (Lair:3)
  Menkaure (D:7)
  8 wargs
  Edmund (D:5)
  2 acid dragons
  15 water moccasins
  3 ice beasts
  40 orc warriors
  2 sky beasts
  An elephant zombie (Lair:6)
  4 black bears
  15 ogres
  13 wolves
  3 lemures (D:5)
  14 centaurs
  2 phantoms
  9 kobold brigands
  10 bullfrogs
  3 necrophages
  2 gnoll sergeants
  2 scorpions (D:4)
  5 wights (D:9)
  An elephant simulacrum (Lair:6)
  3 electric eels
  2 howler monkeys
  3 jellies
  5 hounds
  28 orc priests
  2 iguanas
  25 orc wizards
  A hell rat (Lair:6)
  20 gnolls
  8 adders
  2 shadow imps (D:7)
  3 white imps (D:6)
  An ufetubus (D:7)
  2 worms
  A dart slug (D:4)
  117 orcs
  4 bats
  5 endoplasms
  5 giant cockroaches
  8 goblins
  9 hobgoblins
  4 quokkas
  9 ball pythons
  2 frilled lizards
  48 kobolds
  11 rats
  5 fulminant prisms
777 creatures vanquished.

Vanquished Creatures (collateral kills)
  A two-headed ogre (D:12)
1 creature vanquished.

Vanquished Creatures (others)
  10 dancing weapons
  A water moccasin (Lair:1)
  An orc (Orc:1)
  916 fulminant prisms
  77 fungi
  151 plants
  26 withered plants (Lair:6)
1182 creatures vanquished.

Grand Total: 1960 creatures vanquished

Notes
Turn   | Place    | Note
-------+----------+-------------------------------------------
     0 | D:1      | Noulsu the Ghoul Conjurer began the quest for the Orb.
     0 | D:1      | Reached XP level 1. HP: 14/14 MP: 2/2
   117 | D:1      | Reached skill level 2 in Spellcasting
   287 | D:1      | Reached XP level 2. HP: 20/20 MP: 0/4
   333 | D:1      | Learned a level 2 spell: Searing Ray
  1382 | D:1      | Reached XP level 3. HP: 26/26 MP: 3/6
  1395 | D:1      | Learned a level 3 spell: Dazzling Flash
  1807 | D:2      | Reached skill level 3 in Spellcasting
  2318 | D:2      | Found Purchil's Armour Emporium.
  2375 | D:2      | Reached XP level 4. HP: 33/33 MP: 7/7
  2944 | D:2      | Reached skill level 4 in Conjurations
  3075 | D:3      | Found a faded altar of an unknown god.
  3230 | D:3      | Found a hide-covered altar of Uskayaw.
  3387 | D:3      | Reached skill level 1 in Hexes
  3938 | D:3      | Reached XP level 5. HP: 38/38 MP: 8/8
  4147 | D:3      | Learned a level 4 spell: Fulminant Prism
  4527 | D:4      | Reached skill level 2 in Hexes
  4527 | D:4      | Reached XP level 6. HP: 43/45 MP: 9/9
  4611 | D:4      | Found Xymoehupp's Distillery.
  4619 | D:4      | Bought a potion of curing for 42 gold pieces
  4619 | D:4      | Bought a potion of invisibility for 112 gold pieces
  4999 | D:4      | Reached skill level 3 in Hexes
  5043 | D:4      | Reached skill level 5 in Conjurations
  5133 | D:4      | Found a staircase to the Ecumenical Temple.
  5149 | D:4      | Reached XP level 7. HP: 50/50 MP: 5/10
  5152 | Temple   | Entered the Ecumenical Temple
  5163 | Temple   | Became a worshipper of Sif Muna the Loreminder
  5679 | D:4      | Reached skill level 4 in Hexes
  6390 | D:5      | Entered Level 5 of the Dungeon
  6427 | D:5      | Noticed Edmund
  6590 | D:5      | Noticed Pikel
  6746 | D:4      | Learned a level 2 spell: Blink
  6989 | D:5      | Found an opulent altar of Gozag.
  7024 | D:5      | Killed Edmund
  7025 | D:5      | Reached skill level 5 in Hexes
  7365 | D:5      | Reached XP level 8. HP: 45/57 MP: 11/11
  8039 | D:5      | Killed Pikel
  8040 | D:5      | Reached skill level 6 in Conjurations
  8040 | D:5      | Reached skill level 6 in Hexes
  8718 | D:6      | Reached skill level 4 in Spellcasting
  8825 | D:5      | Reached XP level 9. HP: 59/62 MP: 10/14
  8903 | D:6      | Reached skill level 7 in Conjurations
  8909 | D:5      | Learned a level 3 spell: Tukima's Dance
  8949 | D:6      | Reached * piety under Sif Muna
  9247 | D:6      | Identified the +10 long sword "Gram" {freeze, Will+}
  9306 | D:6      | Found a burning altar of Makhleb.
  9626 | D:7      | Reached skill level 7 in Hexes
  9763 | D:7      | Reached skill level 1 in Translocations
 10031 | D:7      | Reached ** piety under Sif Muna
 10168 | D:6      | Reached skill level 8 in Conjurations
 10274 | D:7      | Noticed a boulder beetle
 10563 | D:7      | Noticed Menkaure
 10568 | D:7      | Killed Menkaure
 10569 | D:7      | Reached skill level 8 in Hexes
 10673 | D:7      | Noticed a five-headed hydra
 10706 | D:7      | Killed a five-headed hydra
 10707 | D:7      | Reached XP level 10. HP: 69/69 MP: 0/15
 10915 | D:7      | Noticed a cyclops
 10951 | D:7      | Killed a cyclops
 10952 | D:7      | Reached skill level 9 in Conjurations
 10987 | D:7      | Noticed a deep elf pyromancer
 10999 | D:7      | Killed a deep elf pyromancer
 11607 | D:7      | Reached skill level 2 in Translocations
 11834 | D:7      | Found a radiant altar of Vehumet.
 11840 | D:7      | HP: 1/69 [something (9)]
 12256 | D:8      | Reached skill level 3 in Translocations
 12665 | D:8      | Found a staircase to the Lair.
 12851 | D:8      | Reached skill level 5 in Spellcasting
 12863 | D:8      | Learned a level 4 spell: Iskenderun's Mystic Blast
 13050 | D:8      | Noticed a kobold demonologist
 13058 | D:8      | Noticed Prince Ribbit
 13060 | D:8      | Killed a kobold demonologist
 13061 | D:8      | Reached skill level 4 in Translocations
 13118 | D:8      | Killed Prince Ribbit
 13119 | D:8      | Reached XP level 11. HP: 66/74 MP: 1/17
 13266 | D:8      | Reached *** piety under Sif Muna
 13267 | D:8      | Reached skill level 5 in Translocations
 13801 | D:8      | Found Ahontaog's Antique Armour Boutique.
 13976 | Lair:1   | Entered Level 1 of the Lair of Beasts
 14037 | Lair:1   | Reached skill level 6 in Translocations
 14436 | Lair:1   | Noticed a six-headed hydra
 14455 | Lair:1   | Killed a six-headed hydra
 14456 | Lair:1   | Reached skill level 6 in Spellcasting
 14456 | Lair:1   | Reached skill level 2 in Invocations
 14589 | Lair:1   | Reached skill level 3 in Invocations
 14602 | Lair:1   | Reached skill level 4 in Invocations
 15057 | Lair:1   | Reached skill level 5 in Invocations
 15416 | Lair:1   | Noticed a five-headed hydra
 15439 | Lair:1   | Killed a five-headed hydra
 15440 | Lair:1   | Reached skill level 6 in Invocations
 15453 | Lair:1   | Reached skill level 7 in Invocations
 15665 | Lair:1   | Noticed a five-headed hydra
 15743 | Lair:1   | Killed a five-headed hydra
 16110 | Lair:2   | Reached skill level 8 in Invocations
 16242 | Lair:2   | Noticed a six-headed hydra
 16457 | Lair:2   | Killed a six-headed hydra
 16458 | Lair:2   | Reached skill level 9 in Invocations
 16458 | Lair:2   | Reached XP level 12. HP: 81/81 MP: 9/20
 17114 | Lair:2   | Found a staircase to the Swamp.
 17128 | Lair:2   | Noticed a six-headed hydra
 17140 | Lair:2   | Killed a six-headed hydra
 17699 | Lair:3   | Reached skill level 10 in Conjurations
 17902 | Lair:3   | Found a staircase to the Snake Pit.
 18211 | Lair:3   | Found a runed translucent door.
 18211 | Lair:3   | Noticed Ucanair's ghost (journeyman VSFi)
 18417 | Lair:3   | Reached **** piety under Sif Muna
 18599 | Lair:3   | Reached skill level 11 in Conjurations
 18871 | Lair:3   | Noticed an eight-headed hydra
 18961 | Lair:3   | Killed an eight-headed hydra
 18962 | Lair:3   | Reached skill level 2 in Fighting
 19132 | Lair:3   | Reached skill level 3 in Fighting
 19137 | Lair:3   | Reached skill level 3 in Stealth
 19137 | Lair:3   | Reached skill level 1 in Evocations
 20251 | Lair:3   | Reached skill level 2 in Evocations
 20421 | Lair:4   | Reached skill level 3 in Evocations
 20477 | Lair:3   | Reached skill level 9 in Hexes
 20629 | Lair:4   | Noticed a seven-headed hydra
 20651 | Lair:4   | Killed a seven-headed hydra
 20795 | Lair:4   | Reached XP level 13. HP: 29/94 MP: 11/22
 21079 | Lair:4   | Reached skill level 7 in Spellcasting
 22427 | Lair:4   | Upgraded the game from 0.29-a0-617-g7a6b98fccd to
                  | 0.29-a0-620-g13ace881f2
 22827 | Lair:5   | Reached skill level 12 in Conjurations
 23552 | Lair:5   | Reached skill level 8 in Spellcasting
 23723 | Lair:5   | Reached skill level 4 in Fighting
 24152 | Lair:5   | Reached skill level 4 in Evocations
 24800 | Lair:6   | Entered Level 6 of the Lair of Beasts
 24944 | Lair:6   | Reached skill level 4 in Stealth
 26180 | Lair:6   | Found a staircase to the Slime Pits.
 26180 | Lair:6   | Found a viscous altar of Jiyva.
 26343 | Lair:6   | Reached ***** piety under Sif Muna
 26449 | Lair:6   | Received a gift from Sif Muna
 26450 | Lair:6   | Got Sif Muna's Incunabulum of Ashen Conjuration {god gift}
 26618 | Lair:6   | Reached skill level 13 in Conjurations
 26733 | Lair:6   | Reached XP level 14. HP: 104/104 MP: 23/25
 27585 | Lair:6   | Noticed a dire elephant
 27585 | Lair:6   | Noticed a dire elephant
 27586 | Lair:6   | Noticed a dire elephant
 27596 | Lair:6   | Noticed a dire elephant
 30093 | Lair:6   | Killed a dire elephant
 30094 | Lair:6   | Reached skill level 14 in Conjurations
 31287 | Lair:2   | Killed Ucanair's ghost
 31943 | D:2      | Bought the +0 pair of gloves of Peoxabaf {rPois rF++ Str+3
                  | SInv} for 480 gold pieces
 31968 | D:4      | Bought a potion of haste for 140 gold pieces
 32973 | D:9      | Found Mathall's Magic Scroll Shoppe.
 33095 | D:10     | Entered Level 10 of the Dungeon
 33821 | D:10     | Reached skill level 9 in Spellcasting
 34123 | D:10     | Learned a level 3 spell: Confusing Touch
 36315 | D:11     | Found a staircase to the Orcish Mines.
 36385 | D:11     | Got the Papyrus of Unstable Poisoning
 36457 | Orc:1    | Entered Level 1 of the Orcish Mines
 36464 | Orc:1    | Received a gift from Sif Muna
 36468 | Orc:1    | Noticed Maurice
 36487 | Orc:1    | Killed Maurice
 37063 | Orc:2    | Entered Level 2 of the Orcish Mines
 37221 | Orc:2    | Reached skill level 15 in Conjurations
 37870 | Orc:2    | Received a gift from Sif Muna
 37871 | Orc:2    | Got Sif Muna's Collected Works on Ice and Heat {god gift}
 37878 | Orc:2    | Learned a level 5 spell: Borgnjor's Vile Clutch
 38328 | Orc:2    | Reached skill level 1 in Earth Magic
 38591 | Orc:2    | Reached skill level 2 in Earth Magic
 38613 | Orc:2    | Reached XP level 15. HP: 78/110 MP: 20/27
 39209 | Orc:2    | Found a staircase to the Elven Halls.
 39414 | Orc:2    | Reached skill level 3 in Earth Magic
 39430 | Orc:2    | Got the Incunabulum of Enchanting Conjuration
 39583 | Orc:2    | Received a gift from Sif Muna
 39598 | Orc:2    | Learned a level 4 spell: Cause Fear
 39699 | Orc:2    | Noticed an orc warlord
 39786 | Orc:2    | Killed an orc warlord
 40743 | Orc:2    | Found Mowkufiu's Weapon Shoppe.
 40883 | Orc:2    | Found Cuhyn's Book Boutique.
 41252 | Orc:2    | Found Dauf's Distillery.
 41262 | Orc:2    | Found Myuri's Weapon Shoppe.
 41397 | Orc:2    | Received a gift from Sif Muna
 41399 | Orc:2    | Reached skill level 16 in Conjurations
 41567 | Orc:2    | Got Illugg's Compendium of Doomed Flames {god gift}
 42844 | D:12     | Found Xutsakh's Assorted Antiques.
 42891 | D:12     | Found a runed translucent door.
 42911 | D:12     | Noticed Erolcha
 42915 | D:12     | Reached skill level 10 in Spellcasting
 42917 | D:12     | Killed Erolcha
 43126 | D:12     | Found a shimmering altar of Xom.
 43126 | D:12     | Noticed Zebulonius's ghost (journeyman MiBe)
 43286 | D:12     | Noticed Urug
 43321 | D:12     | Killed Urug
 44099 | D:12     | Killed Zebulonius's ghost
 45868 | D:13     | Reached skill level 11 in Spellcasting
 46147 | D:13     | Received a gift from Sif Muna
 46625 | D:13     | Got Leezxoden's Reference Book on Bewitching Confrontation
                  | {god gift}
 46641 | D:12     | Learned a level 5 spell: Iskenderun's Battlesphere
 46677 | D:13     | Got Asmodeus's Compendium of Summoning
 46761 | D:13     | Found a transporter.
 46766 | D:13     | Noticed Oghegut's ghost (journeyman DEFE)
 46767 | D:13     | Found a transporter.
 46781 | D:13     | Identified the +0 great mace "Hiugidaq" {vorpal, rC+ Int+2
                  | Stlth+}
 46781 | D:13     | Identified the +8 dire flail of the Grave {vorpal, rElec
                  | rF- Int+3}
 48621 | D:13     | Reached XP level 16. HP: 104/116 MP: 22/30
 48711 | D:13     | Reached skill level 12 in Spellcasting
 50045 | D:14     | Noticed Lodul
 50062 | D:13     | Killed Lodul
 50217 | D:13     | Shot with an arrow by a centaur warrior

Illustrated notes

Levels and vault maps discovered:
D:1:      onia_arrival_handbag, layout_loops_corners
D:2:      layout_loops_ring, serial_shops, nicolae_shop_trees, minmay_tromino_v2
D:3:      wad_crossroads, layout_loops_cross, nicolae_elyvilon_temple_path,
          mainiacjoe_overflow_alcove_4, mainiacjoe_overflow_catwalk,
          chequers_ecumenical_altar_simple
D:4:      layout_cave_pods, minmay_temple_entry_arrows, serial_shops,
          shop_fountains
D:5:      layout_loops_ring, nicolae_gozag_seed_capital, uniq_pikel, uniq_edmund
D:6:      layout_rooms, nicolae_overflow_crystal_walls
D:7:      layout_cave_pools, vehumet_altar_wand_db, minmay_shattered_shrine,
          uniq_menkaure
D:8:      layout_basic, david_lair_shrubbed, serial_shops,
          nicolae_shop_overgrown_old_shop, uniq_prince_ribbit1
D:9:      layout_basic, serial_shops, shop_scrolls, dk_vineyard_3,
          lemuel_old_faithful
D:10:     layout_grid_maze
D:11:     layout_cross, erik_orc_3
D:12:     layout_long_grid, ebering_ghost_xom, serial_shops, shop, uniq_erolcha,
          uniq_urug
D:13:     layout_rooms, gammafunk_ghost_smash
D:14:     layout_cave_pools, erik_vaults_1, corexii_hall_statues_i,
          minmay_fractal_squares_diagonal_5, uniq_lodul
Temple:   lightli_temple_of_artemis
Lair:1:   layout_gridlike, serial_bayou_shore_b
Lair:2:   layout_gridlike, swamp_mist
Lair:3:   layout_cave_pods, guppyfry_snake_entry_garden,
          hellmonk_ghost_happy_afterlife, serial_bayou_shore_a
Lair:4:   layout_long_grid, grunt_megastairs_3
Lair:5:   layout_loops_ring, infiniplex_staircase_pool, grunt_megastairs_5,
          lemuel_fruit_fields, serial_bayou_shore_b
Lair:6:   due_jungle_book, layout_misc_corridors, slime_altar_1, st_stairs_3,
          nicolae_lair_lakeside_cave, lemuel_fruit_tree, lemuel_fruit_fields
Orc:1:    layout_caves, uniq_maurice
Orc:2:    pubby_orc_utopia

Skill      XL: |  1  2  3  4  5  6  7  8  9 10 11 12 13 14 15 16 |
---------------+-------------------------------------------------+-----
Spellcasting   | 2 3 4 5 6 8 9 11 12 | 12.5
Conjurations   | 4 5 6 8 9 11 13 15 16 | 16.0
Hexes          | 1 2 3 5 6 8 9 |  9.0
Translocations | 1 4 6 |  6.0
Invocations    | 9 |  9.0
Fighting       | 3 4 |  4.0
Stealth        | 3 4 |  4.0
Evocations     | 3 4 |  4.0
Earth Magic    | 2 3 |  3.0
Dodging        | |  1.7

Action                   |  1- 3 |  4- 6 |  7- 9 | 10-12 | 13-15 | 16-18 || total
-------------------------+-------+-------+-------+-------+-------+-------++-------
Melee: Unarmed           |     6 |       |       |       |       |       ||     6
       Spear             |     2 |       |       |       |       |       ||     2
       Short sword       |       |     6 |       |       |       |       ||     6
       Long sword        |       |       |     4 |    26 |    62 |     3 ||    95
       Staff             |       |       |       |       |       |     6 ||     6
 Fire: Hunting sling     |     5 |     5 |       |       |       |       ||    10
       Shortbow          |       |       |    19 |    23 |   196 |       ||   238
 Cast: Magic Dart        |    63 |    67 |    42 |    26 |    50 |     1 ||   249
       Searing Ray       |     7 |    23 |    44 |    23 |   105 |    16 ||   218
       Fulminant Prism   |       |     3 |    75 |   215 |   607 |    28 ||   928
       Blink             |       |       |     2 |    13 |    61 |     2 ||    78
       Tukima's Dance    |       |       |     1 |       |    44 |     5 ||    50
       Iskenderun's Myst |       |       |       |    38 |   165 |    22 ||   225
       Dazzling Flash    |       |       |       |     3 |       |       ||     3
       Iskenderun's Batt |       |       |       |       |     5 |       ||     5
       Cause Fear        |       |       |       |       |     4 |     6 ||    10
       Confusing Touch   |       |       |       |       |     1 |     3 ||     4
Invok: Channel Magic     |       |       |       |     4 |     4 |       ||     8
Evoke: Wand              |       |       |       |       |     2 |       ||     2
  Use: Scroll            |       |     3 |     6 |     8 |    10 |     1 ||    28
       Potion            |       |       |       |     2 |       |       ||     2
Armor: Robe              |     3 |     3 |    11 |    37 |   121 |    43 ||   218
Dodge: Dodged            |     7 |    13 |    46 |    63 |   197 |    43 ||   369

Table legend: (Time is in decaauts)
 A = Elapsed time spent in this place.
 B = Non-inter-level travel time spent in this place.
 C = Inter-level travel time spent in this place.
 D = Time resting spent in this place.
 E = Time spent auto-exploring this place.
 F = Levels seen in this place.
 G = Mean time per level.
                   A        B        C        D        E       F      G
               +--------+--------+--------+--------+--------+-----+--------+
         Total |  49587 |  45393 |   4194 |  18603 |  11215 |  23 | 2156.0 |
       Dungeon |  27667 |  24817 |   2850 |  10942 |   6192 |  14 | 1976.2 |
        Temple |    106 |     93 |     13 |      0 |      2 |   1 |  106.0 |
          Lair |  16740 |  15512 |   1228 |   6079 |   3785 |   6 | 2790.0 |
  Orcish Mines |   5073 |   4970 |    103 |   1582 |   1235 |   2 | 2536.5 |
               +--------+--------+--------+--------+--------+-----+--------+

Top non-repeatable levels by time:
   Orc:2: 4384 daAuts
  Lair:5: 4361 daAuts
    D:13: 3670 daAuts
  Lair:3: 3199 daAuts
  Lair:6: 3168 daAuts
    D:12: 2967 daAuts
    D:10: 2635 daAuts
  Lair:4: 2382 daAuts
    D:11: 2188 daAuts
     D:4: 2175 daAuts
     D:8: 2147 daAuts
     D:5: 2072 daAuts
     D:7: 1967 daAuts
     D:6: 1959 daAuts
  Lair:2: 1837 daAuts
